 Seeded DCSS version 0.31-a0-142-g31f6795574 (webtiles) character file.

Game seed: 13756538122855080540 (custom seed)

1943 Pimp the Conjurer (level 9, -2/59 HPs)
             Began as an Octopode Conjurer on June 3, 2023.
             Was a Believer of Cheibriados.
             Slain by Pikel
             ... wielding a +2 whip of freezing
              (5 damage)
             ... on level 7 of the Dungeon.
             The game lasted 00:20:27 (8361 turns).

Pimp the Conjurer (Octopode Conjurer)               Turns: 8361, Time: 00:20:28

Health: -2/59      AC:  1    Str: 15    XL:     9   Next: 18%
Magic:  6/16       EV: 16    Int: 23    God:    Cheibriados [**....]
Gold:   1458       SH:  0    Dex: 17    Spells: 5/18 levels left

rFire   . . .        i - staff of conjuration
rCold   . . .        (no shield)
rNeg    . . .        (helmet restricted)
rPois   .            s - amulet of faith
rElec   .            (no ring)
rCorr   .            (no ring)
SInv    .            (no ring)
Will    .....        (no ring)
Stlth   ++++         (no ring)
HPRegen 0.29/turn    (no ring)
MPRegen 0.15/turn    (no ring)
                     (no ring)

%: faith
@: very slightly contaminated, slowed, very slow
A: almost no armour, amphibious, 8 rings, camouflage 1, gelatinous body 1,
(nimble swimmer 1), tentacles, strong 1
a: Renounce Religion, Bend Time


You were on level 7 of the Dungeon.
You worshipped Cheibriados.
Cheibriados was pleased with you.
You visited 2 branches of the dungeon, and saw 8 of its levels.
You also visited: Sewer.

You collected 1458 gold pieces.

Inventory:

Hand Weapons
 e - a +2 dagger of protection
Missiles
 l - 6 poisoned darts
 q - 5 datura-tipped darts
Armour
 d - an orb of guile
Magical Staves
 i - a staff of conjuration (weapon)
Jewellery
 g - an amulet of magic regeneration
 o - an amulet of regeneration
 s - an amulet of faith (around mantle)
Wands
 m - a wand of flame (14)
 r - a wand of light (8)
Scrolls
 b - a scroll of magic mapping {unknown}
 h - 2 scrolls of enchant weapon {unknown}
 j - 2 scrolls of enchant armour
 n - a scroll of summoning {unknown}
 t - a scroll of fog {unknown}
 u - 2 scrolls of identify
 v - a scroll of silence {unknown}
Potions
 a - 3 potions of magic
 c - 2 potions of enlightenment
 f - a potion of haste
 k - 2 potions of resistance


   Skills:
 + Level 4.4 Fighting
 + Level 5.7 Dodging
 - Level 5.1 Stealth
 + Level 5.3 Spellcasting
 + Level 6.8 Conjurations
 + Level 3.6 Earth Magic


You had 5 spell levels left.
You knew the following spells:

 Your Spells              Type           Power      Damage    Failure   Level
a - Magic Dart            Conj           100%       1d8       1%          1
b - Searing Ray           Conj           100%       2d8       1%          2
c - Dazzling Flash        Conj/Hex       64%        N/A       7%          3
d - Fulminant Prism       Conj/Hex       16%        3d10      22%         4
e - Stone Arrow           Conj/Erth      90%        3d12      3%          3

Your spell library contained the following spells:

 Spells                   Type           Power      Damage    Failure   Level
 Sandblast                Erth           44%        2d11      1%          1
 Momentum Strike          Conj/Tloc      64%        3d9       3%          2
 Passwall                 Tmut/Erth      11%        N/A       7%          2
 Blink                    Tloc           12%        N/A       14%         2
 Lesser Beckoning         Tloc           12%        N/A       14%         2
 Iskenderun's Mystic Bla  Conj/Tloc      32%        2d8       22%         4
 Vhi's Electric Charge    Tloc/Air       12%        N/A       28%         3
 Arcjolt                  Conj/Air       16%        1d26      54%         5
 Plasma Beam              Fire/Air       3%         2x1d13    100%        6


Dungeon Overview and Level Annotations

Branches:
Dungeon (7/15)             Temple (1/1) D:6           Sewer (visited)

Altars:
Ashenzari
Cheibriados
Dithmenos
Elyvilon
Fedhas
Gozag
Hepliaklqana
Makhleb
Nemelex Xobeh
Okawaru
Qazlal
Ru
Sif Muna
Trog
Uskayaw
Vehumet
Wu Jian
Xom
Yredelemnul
Zin
The Shining One

Annotations:
D:7 Pikel


Innate Abilities, Weirdness & Mutations

You cannot wear most types of armour.
You are amphibious.
You can wear up to eight rings at the same time.
Your skin changes colour to match your surroundings (Stealth+).
Your rubbery body absorbs attacks. (AC +1, EV +1)
((You are camouflaged when in or above water. (Stealth+)))
You have tentacles for arms and can constrict up to eight enemies at once.
Your muscles are strong. (Str +4, Int/Dex -1)


Message History

Casting: Dazzling Flash (dangerous; 7% risk of failure)
Press: ? - help, Dir - look around, f - activate You feel a surge of power!
Pikel is dazzled.
The lemure shouts! x2; You hear a shout!
Pikel closely misses you. The lemure closely misses you.
Casting: Dazzling Flash (dangerous; 7% risk of failure)
Confirm with . or Enter, or press ? or * to list all spells.
The spell is quite dangerous to miscast (22% risk of failure)!
Continue anyway?
Aiming: Fulminant Prism (quite dangerous; 22% risk of failure)
Press: ? - help, Dir - move target You feel a surge of power!
You miscast Fulminant Prism.
You are very lightly contaminated with residual magic.
You hear an indistinct dissonance whispering inside your mind.
You feel yourself slow down. The lemure hits you!
Pikel hits you with a +2 whip of freezing!
Pikel freezes you.
Casting: Fulminant Prism (quite dangerous; 22% risk of failure)
Confirm with . or Enter, or press ? or * to list all spells.
Aiming: Searing Ray (safe; 1% risk of failure)
Press: ? - help, Shift-Dir - straight line You feel a surge of power!
The searing ray hits Pikel but does no damage. (Press . to maintain the ray.) Pikel closely misses you.
The lemure hits you!
The searing ray hits Pikel!
Pikel is moderately wounded.
Pikel is no longer blind.
Pikel misses you. The lemure hits you. The lemure hits you!
Pikel closely misses you.
The searing ray hits Pikel!
Pikel is heavily wounded.
Pikel waves his whip at you. Pikel misses you. The lemure hits you.
* * * LOW HITPOINT WARNING * * *
Okay, then.
Pikel barely misses you. The lemure misses you. The lemure hits you.
* * * LOW HITPOINT WARNING * * *
Pikel hits you with a +2 whip of freezing!
* * * LOW HITPOINT WARNING * * *
Pikel freezes you.
You die...

.. .# .#
####.###
#....?.####
#..........
#55....####
##5../.....
#@K..######
#.5[.#
####..#
#...# ##..#
#.. ..


You could see Pikel and 3 lemures.

Vanquished Creatures
  Prince Ribbit (D:5)
  Sigmund (D:3)
  Pargi (Sewer)
  2 ice beasts
  2 black bears
  Blork the orc (D:6)
  2 bullfrogs
  2 scorpions
  A hound (D:4)
  A quasit (D:6)
  A jelly (D:5)
  3 orc priests
  5 iguanas
  Ijyb (D:3)
  6 orc wizards
  11 adders
  3 gnolls (D:4)
  A river rat (D:3)
  4 shadow imps (D:6)
  5 white imps (D:6)
  6 ufetubi (D:6)
  3 dart slugs
  15 orcs
  5 bats
  5 endoplasms
  6 giant cockroaches
  10 goblins
  6 hobgoblins
  4 jackals (D:2)
  2 quokkas (D:5)
  11 ball pythons
  10 frilled lizards
  6 kobolds
  8 rats
151 creatures vanquished.

Vanquished Creatures (others)
  A fulminant prism (D:5)
1 creature vanquished.

Grand Total: 152 creatures vanquished

Notes
Turn   | Place    | Note
-------+----------+-------------------------------------------
     0 | D:1      | Pimp the Octopode Conjurer began the quest for the Orb.
     0 | D:1      | Reached XP level 1. HP: 11/11 MP: 3/3
   162 | D:1      | Reached XP level 2. HP: 9/17 MP: 0/5
   165 | D:1      | Learned a level 2 spell: Searing Ray
   642 | D:1      | Identified a scroll of acquirement
   642 | D:1      | Acquired 1134 gold pieces
  1344 | D:2      | Reached XP level 3. HP: 15/21 MP: 2/6
  1740 | D:2      | Found a faded altar of an unknown god.
  1756 | D:2      | Reached XP level 4. HP: 27/27 MP: 7/7
  1758 | D:2      | Found a burning altar of Makhleb.
  2333 | D:3      | Found a shimmering altar of Xom.
  2347 | D:3      | Acquired a staff of conjuration
  2407 | D:3      | Noticed Sigmund
  2417 | D:3      | Killed Sigmund
  2418 | D:3      | Reached skill level 5 in Stealth
  2418 | D:3      | Reached XP level 5. HP: 22/31 MP: 3/9
  2418 | D:3      | Reached XP level 6. HP: 26/36 MP: 3/10
  2559 | D:3      | Found a glowing drain.
  2577 | Sewer    | Entered a sewer
  2628 | Sewer    | Learned a level 3 spell: Dazzling Flash
  2633 | Sewer    | Learned a level 4 spell: Fulminant Prism
  2641 | Sewer    | Noticed Pargi
  2668 | Sewer    | Killed Pargi
  2669 | Sewer    | Reached skill level 5 in Conjurations
  2729 | Sewer    | Reached skill level 1 in Fighting
  2918 | D:3      | Noticed Ijyb
  2930 | D:3      | Killed Ijyb
  2944 | D:3      | Gained mutation: Your flesh is heat resistant. (rF+)
                  | [potion of mutation]
  2944 | D:3      | Gained mutation: Your muscles are strong. (Str +4, Int/Dex
                  | -1) [potion of mutation]
  2944 | D:3      | Lost mutation: Your flesh is heat resistant. (rF+) [potion
                  | of mutation]
  3311 | D:4      | Noticed a black bear
  3321 | D:4      | Killed a black bear
  3322 | D:4      | Reached XP level 7. HP: 20/44 MP: 10/12
  3688 | D:4      | Learned a level 3 spell: Stone Arrow
  3920 | D:4      | Found a blossoming altar of Fedhas.
  4395 | D:4      | Found an ornate altar of the Wu Jian Council.
  4577 | D:5      | Entered Level 5 of the Dungeon
  4587 | D:5      | Reached skill level 1 in Earth Magic
  4786 | D:5      | Reached XP level 8. HP: 38/51 MP: 11/14
  5102 | D:5      | Reached skill level 6 in Conjurations
  5615 | D:5      | Noticed Prince Ribbit
  5623 | D:5      | Killed Prince Ribbit
  5624 | D:5      | Reached skill level 5 in Dodging
  6347 | D:6      | Found a staircase to the Ecumenical Temple.
  6371 | Temple   | Entered the Ecumenical Temple
  6479 | Temple   | Became a worshipper of Cheibriados the Contemplative
  6875 | D:6      | Reached skill level 5 in Spellcasting
  7063 | D:6      | Noticed Blork the orc
  7068 | D:6      | Killed Blork the orc
  7125 | D:6      | Reached * piety under Cheibriados
  7619 | D:6      | Reached XP level 9. HP: 54/58 MP: 12/16
  7839 | D:6      | Reached ** piety under Cheibriados
  8120 | D:7      | Noticed a hornet
  8267 | D:7      | Noticed Pikel
  8361 | D:7      | Slain by Pikel

Illustrated notes

Levels and vault maps discovered:
D:1:      scummos_arrival_star, layout_basic
D:2:      layout_basic, basic_altar, basic_ecumenical_altar, grunt_decor_cap
D:3:      layout_basic, mainiacjoe_overflow_alcove_1, portal_sewer_entry_b,
          minmay_close_crescents, uniq_ijyb, uniq_sigmund
D:4:      layout_loops_corners, mainiacjoe_overflow_paths,
          nicolae_wu_jian_glorious_leap, kennysheep_flooded_box,
          guppyfry_early_lair_pool
D:5:      layout_layer_cave, nicolae_eternal_life, uniq_prince_ribbit1
D:6:      layout_cave_pools, minmay_temple_entry_water_ring, serial_demonic,
          serial_demonic_e, serial_demonic_g, serial_demonic_g,
          serial_demonic_d, serial_demonic_d, serial_demonic_f,
          serial_demonic_a, serial_demonic_a, minmay_lizard_king,
          uniq_blork_the_orc
D:7:      hangedman_cross_stitches, layout_rooms, demons_altar, minivault_27,
          uniq_joseph, uniq_pikel
Temple:   minmay_temple_bridge_d

Skill      XL: |  1  2  3  4  5  6  7  8 |
---------------+-------------------------+-----
Stealth        | 3 5 |  5.1
Dodging        | 3 4 5 |  5.7
Spellcasting   | 3 4 5 |  5.3
Conjurations   | 5 6 |  6.8
Fighting       | 1 2 4 |  4.4
Earth Magic    | 1 3 |  3.6

Action                     |  1- 3 |  4- 6 |  7- 9 || total
---------------------------+-------+-------+-------++-------
  Melee: Unarmed           |    23 |       |       ||    23
         Tentacles         |    10 |    11 |    11 ||    32
         Constrict         |     9 |    10 |    12 ||    31
         Dagger            |     3 |    20 |       ||    23
         Staff             |       |    24 |    47 ||    71
         Punch             |       |     1 |     1 ||     2
   Cast: Magic Dart        |    50 |    53 |    81 ||   184
         Searing Ray       |     1 |     4 |    16 ||    21
         Stone Arrow       |       |       |    44 ||    44
         Dazzling Flash    |       |       |     3 ||     3
         Fulminant Prism   |       |       |     1 ||     1
    Use: Scroll            |     1 |     5 |     4 ||    10
         Potion            |       |     4 |     6 ||    10
   Stab: Sleeping          |     5 |     5 |     3 ||    13
 Armour: Skin              |       |    11 |     4 ||    15
  Dodge: Dodged            |    20 |    47 |   146 ||   213

Table legend: (Time is in decaauts)
 A = Elapsed time spent in this place.
 B = Non-inter-level travel time spent in this place.
 C = Inter-level travel time spent in this place.
 D = Time resting spent in this place.
 E = Time spent auto-exploring this place.
 F = Levels seen in this place.
 G = Mean time per level.
                   A        B        C        D        E       F      G
               +--------+--------+--------+--------+--------+-----+--------+
         Total |   8578 |   7958 |    620 |   1108 |   5408 |   9 |  953.1 |
       Dungeon |   8123 |   7626 |    497 |   1108 |   5183 |   7 | 1160.4 |
        Temple |    201 |     78 |    123 |      0 |     61 |   1 |  201.0 |
         Sewer |    254 |    254 |      0 |      0 |    164 |   1 |  254.0 |
               +--------+--------+--------+--------+--------+-----+--------+

Top non-repeatable levels by time:
     D:6: 1765 daAuts
     D:5: 1576 daAuts
     D:4: 1354 daAuts
     D:1: 1310 daAuts
     D:3: 1130 daAuts
     D:2: 755 daAuts
   Sewer: 254 daAuts
     D:7: 230 daAuts
  Temple: 201 daAuts
